 Dungeon Crawl Stone Soup version 0.29.1-2-gbd0b4ee654 (webtiles) character file.

Game seed: 1973025247766646958

97 Ivernyr the Chiller (level 4, -6/33 HPs)
             Began as a Barachi Ice Elementalist on Nov 3, 2022.
             Killed by nerve-wracking pain
             ... invoked by Grinder
              (10 damage)
             ... on level 3 of the Dungeon.
             The game lasted 00:07:38 (2732 turns).

Ivernyr the Chiller (Barachi Ice Elementalist)      Turns: 2732, Time: 00:07:38

Health: -6/33      AC:  9    Str:  9    XL:     4   Next: 68%
Magic:  8/8        EV: 12    Int: 17    God:
Gold:   125        SH:  0    Dex: 13    Spells: 1/8 levels left

rFire   . . .      SeeInvis .   f - +0 dagger (venom)
rCold   . . .      Faith    .   (no shield)
rNeg    . . .      Spirit   .   a - +0 robe
rPois   .          Reflect  .   (no helmet)
rElec   .          Harm     .   (no cloak)
rCorr   .          Rampage  .   (no gloves)
Will    .....                   t - +0 pair of boots
Stlth   ++........              m - amulet of magic regeneration
HPRegen 0.11/turn               (no ring)
MPRegen 0.51/turn               (no ring)

@: ice-armoured, slow
A: amphibious, slowness 1, strong legs 1, +LOS
a: Hop


You were on level 3 of the Dungeon.
You visited 1 branch of the dungeon, and saw 3 of its levels.

You collected 125 gold pieces.

Inventory:

Hand Weapons
 f - a +0 dagger of venom (weapon)
Armour
 a - a +0 robe (worn)
 t - a +0 pair of boots (worn)
Jewellery
 m - an amulet of magic regeneration (around neck)
Wands
 j - a wand of flame (25)
Scrolls
 c - 7 scrolls of identify {unknown}
 e - a scroll of enchant armour {unknown}
 h - a scroll of enchant weapon {unknown}
 i - a scroll of silence {unknown}
 k - a scroll of blinking {unknown}
 l - a scroll of teleportation {unknown}
 q - a scroll of magic mapping {unknown}
 r - a scroll of vulnerability {unknown}
 s - a scroll of torment {unknown}
Potions
 b - a potion of magic
 d - 2 potions of brilliance {unknown}
 g - a potion of ambrosia {unknown}
 n - 2 potions of heal wounds {unknown}
 o - a potion of cancellation {unknown}
 p - a potion of haste {unknown}


   Skills:
 + Level 2.0 Fighting
 + Level 3.0 Dodging
 - Level 1.7 Stealth
 + Level 2.9 Spellcasting
 * Level 5.8 Ice Magic


You had one spell level left.
You knew the following spells:

 Your Spells              Type           Power      Damage    Failure   Level
a - Freeze                Ice            88%        1d10      1%          1
b - Frozen Ramparts       Ice            44%        1d7       4%          3
c - Ozocubu's Armour      Ice            22%        N/A       4%          3

Your spell library contained the following spells:

 Spells                   Type           Power      Damage    Failure   Level
 Hailstorm                Conj/Ice       12%        3d5       45%         4
 Ice Form                 Ice/Tmut       12%        N/A       45%         4
 Simulacrum               Ice/Necr       6%         N/A       100%        6


Dungeon Overview and Level Annotations

Branches:
Dungeon (3/15)

Altars:

Annotations:
D:3 Grinder


Innate Abilities, Weirdness & Mutations

You are amphibious.
You cover ground slowly.
You can hop short distances.
You have an extended range of vision and can be seen from far away.


Message History

Grinder gestures at you.
You suddenly lose the ability to move!
Grinder hits you but does no damage. x2
You can move again.
You closely miss Grinder.
Grinder is moderately wounded.
Grinder says, "DUCK!"
Grinder barely misses you.
You barely miss Grinder.
Grinder is moderately wounded.
Grinder hits you.
You writhe in agony.
You barely miss Grinder.
Grinder is lightly wounded.
Grinder hits you but does no damage.
You hit Grinder but do no damage.
Grinder is lightly wounded.
Grinder hits you but does no damage.
You hit Grinder.
Grinder is poisoned.
Grinder is moderately wounded.
Grinder gestures at you. You resist with significant effort.
You hit Grinder but do no damage.
Grinder looks as sick as possible!
Grinder is moderately wounded.
Grinder gestures at you.
You suddenly lose the ability to move!
Grinder hits you.
You writhe in agony.
Grinder gestures at you.
You shrug off the repeated paralysis!
Grinder hits you but does no damage.
You can move again.
You hit Grinder but do no damage.
Grinder looks as sick as possible!
Grinder is severely wounded.
Grinder hits you.
You writhe in agony.
* * * LOW HITPOINT WARNING * * *
Unknown command.
You barely miss Grinder.
Grinder is severely wounded.
Grinder gestures at you. Pain shoots through your body!
You die...

#....... #....... #......#
#......# #### #......#
########.#..< ####......##
#........#.#. #..........#
#.....# #.#.##
#..........####.....####.#..
#........).5@.'.......##.#.##
#..........####.......##.....
#######...#####.......##.##..
###########.#.....#.......##.....
.......#....#.....#...†...#...##.
.#####.##.###.....#####...#.#....
.#####'##.###.....#####...#.#####
.#).....#...'.....'...#...#.#
##......#####.....###.#.....#


You could see Grinder (resistant, extremely poisoned).

Vanquished Creatures
  4 adders (D:2)
  A worm (D:3)
  An orc (D:3)
  3 bats
  7 endoplasms
  9 goblins
  9 hobgoblins
  4 jackals
  A quokka (D:2)
  3 ball pythons
  2 frilled lizards (D:1)
  5 kobolds
  5 rats
54 creatures vanquished.

Notes
Turn   | Place    | Note
-------+----------+-------------------------------------------
     0 | D:1      | Ivernyr the Barachi Ice Elementalist began the quest for
                  | the Orb.
     0 | D:1      | Reached XP level 1. HP: 13/13 MP: 3/3
   112 | D:1      | Reached skill level 5 in Ice Magic
   125 | D:1      | Reached XP level 2. HP: 9/20 MP: 0/5
   561 | D:1      | Reached skill level 1 in Fighting
  1069 | D:1      | Reached XP level 3. HP: 19/26 MP: 4/6
  1157 | D:1      | Learned a level 3 spell: Frozen Ramparts
  1727 | D:2      | Reached XP level 4. HP: 33/33 MP: 4/8
  1884 | D:2      | Learned a level 3 spell: Ozocubu's Armour
  2181 | D:2      | Found a faded altar of an unknown god.
  2686 | D:3      | Noticed Grinder
  2694 | D:3      | Paralysed by Grinder for 3 turns
  2702 | D:3      | Paralysed by Grinder for 4 turns
  2719 | D:3      | Paralysed by Grinder for 3 turns
  2727 | D:3      | Paralysed by Grinder for 4 turns
  2732 | D:3      | Killed from afar by Grinder

Illustrated notes

Levels and vault maps discovered:
D:1:      dpeg_arrival_stonehenge_8_columns, layout_basic, st_stairs_9
D:2:      layout_basic, shapermc_ecumenical_altar_mp_urbaneastern,
          minmay_goblin_kobold_house
D:3:      layout_basic, uniq_grinder

Skill      XL: |  1  2  3  4 |
---------------+-------------+-----
Ice Magic      | 5 |  5.8
Fighting       | 1 2 |  2.0
Dodging        | 3 |  3.0
Stealth        | |  1.7
Spellcasting   | |  2.9

Action                   |  1- 3 |  4- 6 || total
-------------------------+-------+-------++-------
Melee: Unarmed           |     1 |       ||     1
       Dagger            |    11 |    31 ||    42
       Punch             |       |     1 ||     1
 Cast: Freeze            |    43 |    18 ||    61
       Frozen Ramparts   |       |     2 ||     2
       Ozocubu's Armour  |       |     1 ||     1
 Stab: Sleeping          |     6 |     1 ||     7
Armor: Robe              |     2 |    15 ||    17
Dodge: Dodged            |    24 |    22 ||    46
